 Dungeon Crawl Stone Soup version 0.30-a0-1160-g6e42c06551 (webtiles) character file.

Game seed: 6396283003586549923

3 kae the Sneak (level 1, -1/9 HPs)
             Began as a Spriggan Enchanter on Apr 25, 2023.
             Killed from afar by a dart slug (6 damage)
             ... with a slug dart
             ... on level 1 of the Dungeon.
             The game lasted 00:00:24 (574 turns).

kae the Sneak (Spriggan Enchanter)                   Turns: 574, Time: 00:00:25

Health: -1/9       AC:  2    Str:  4    XL:     1   Next: 41%
Magic:  5/5        EV: 17    Int: 16    God:
Gold:   2          SH:  0    Dex: 15    Spells: 5/5 levels left

rFire   . . .        a - +1 dagger
rCold   . . .        (no shield)
rNeg    . . .        b - +0 robe
rPois   .            (helmet restricted)
rElec   .            (no cloak)
rCorr   .            (gloves unavailable)
SInv    +            (boots unavailable)
Will    .....        (no amulet)
Stlth   +++          (no ring)
HPRegen 0.21/turn    (no ring)
MPRegen 0.09/turn

%: no passive effects
@: very quick
A: very small, no large weapons, unfitting armour, see invisible, speed 3
a: no special abilities


You were on level 1 of the Dungeon.
You visited 1 branch of the dungeon, and saw 1 of its levels.

You collected 2 gold pieces.


Innate Abilities, Weirdness & Mutations

You are very small and have problems with some larger weapons.
You are too small for most types of armour.
You have supernaturally acute eyesight. (SInv)
You cover ground extremely quickly. (Speed+++)


   Skills:
 * Level 1.2 Short Blades
 + Level 2.7 Dodging
 + Level 4.4 Stealth
 + Level 2.7 Spellcasting
 * Level 3.7 Hexes


You had 5 spell levels left.
You didn't know any spells.
Your spell library contained the following spells:

 Spells                   Type           Power      Damage    Failure   Level
 Confusing Touch          Hex            14%        N/A       12%         3
 Tukima's Dance           Hex            14%        N/A       12%         3
 Ensorcelled Hibernation  Hex/Ice        16%        N/A       14%         2
 Dazzling Flash           Conj/Hex       16%        N/A       26%         3

Inventory:

Hand Weapons
 a - a +1 dagger (weapon)
Missiles
 g - 5 stones (quivered)
Armour
 b - a +0 robe (worn)
Scrolls
 d - a scroll of identify {unknown}
 f - a scroll of blinking {unknown}
Potions
 c - 2 potions of invisibility
 e - a potion of might {unknown}

Dungeon Overview and Level Annotations

Branches:
Dungeon (1/15) Zot: 5600

Altars:

.....r..'........ +......#
..r.....#####.... #......
g.......# .. #....# #...)...#
#....# #####...# ####### #....#
# ##### ##.....#####....#
##......'........#
..w.....#####....# #
.......@#...#....# .
........#...#....# ####
....#####...####.####### ...#
...........†............ ##.#
#.###############.##..### ##.#
#.#...............##..#
.#.######.#.################.##
..........#.# #.†.#
..####....#.# ###.#


You could see a dart slug.


Message History

MASSIVE DAMAGE!! (PAUSE)
You completely miss the kobold. The endoplasm completely misses you.
The kobold misses you.
The hobgoblin closely misses you. 😕 HP[+1] Unknown command.
You hit the kobold but do no damage. The endoplasm hits you.
The kobold closely misses you.
The hobgoblin barely misses you. 😮 HP[-2]
You take 2 damage, and now have 5/9 hp.
MASSIVE DAMAGE!! (PAUSE)
You hit the kobold.
You kill the kobold!
The endoplasm freezes you.
You are frozen.
* * * LOW HITPOINT WARNING * * *
The hobgoblin hits you.
* * * LOW HITPOINT WARNING * * *
😨 HP[-2]
You take 2 damage, and now have 3/9 hp.
MASSIVE DAMAGE!! (PAUSE)
The endoplasm barely misses you. 😨 HP[+1] 😮 HP[+1]
There are no items here.
(D) Dungeon
Where to? (Enter - D:1 @ (x,y), ? - help) 😮 HP[+1] Unknown command. 😕 HP[+1]
(D) Dungeon
Where to? (Enter - D:1 @ (x,y), ? - help)
There is an open door here.
There is a staircase leading out of the dungeon here. 😎 HP[+2]
Your hp is fully restored (9).
Unknown command.
There is an open door here.
g - 5 stones You see here a +0 whip.
Key pressed, stopping explore.
Unknown command.
A hobgoblin is nearby!
Unknown command.
A hobgoblin is nearby!
A hobgoblin is nearby!
A hobgoblin is nearby!
The hobgoblin shouts!
A hobgoblin is nearby!
You closely miss the hobgoblin. You hit the hobgoblin.
The hobgoblin hits you. 😕 HP[-1]
You take 1 damage, and now have 8/9 hp.
A hobgoblin is nearby!
You hit the hobgoblin but do no damage. The hobgoblin hits you.
You are too injured to fight recklessly! 😮 HP[-2]
You take 2 damage, and now have 6/9 hp.
MASSIVE DAMAGE!! (PAUSE)
You barely miss the hobgoblin.
The hobgoblin closely misses you. 😕 HP[+1]
You barely miss the hobgoblin. The hobgoblin completely misses you.
You hit the hobgoblin. The hobgoblin misses you.
You hit the hobgoblin.
You kill the hobgoblin!
You see here a hobgoblin corpse.
Unknown command.
You see here a hobgoblin corpse.
A bat comes into view. 😎 HP[+2]
Your hp is fully restored (9).
A bat is nearby!
Unknown command.
A bat is nearby!
Unknown command.
A bat is nearby!
A bat is nearby!
The helpless bat fails to defend itself.
You impale the bat!!
You kill the bat!
You now have 2 gold pieces.
You open the door.
A dart slug comes into view.
There is an open door here.
There are monsters nearby!
The endoplasm misses you.
You hit the endoplasm but do no damage. The endoplasm misses you.
There are monsters nearby!
You hit the endoplasm. The endoplasm freezes you.
You are frozen.
You are too injured to fight recklessly! 😮 HP[-4]
You take 4 damage, and now have 5/9 hp.
MASSIVE DAMAGE!! (PAUSE)
You hit the endoplasm.
You kill the endoplasm!
The dart slug launches a dart at you. The slug dart hits you.
Ouch! That really hurt!
You die...

Action                     || total
---------------------------++-------
  Melee: Dagger            ||    21
   Stab: Sleeping          ||     1
  Dodge: Dodged            ||    22

Levels and vault maps discovered:
D:1:      elethiomel_arrival_quiet, layout_basic, minivault_24, minivault_26,
          st_stairs_10

Notes
Turn   | Place    | Note
-------+----------+-------------------------------------------
     0 | D:1      | kae the Spriggan Enchanter began the quest for the Orb.
     0 | D:1      | Reached XP level 1. HP: 9/9 MP: 5/5
     0 | D:1      | magus.rc [v1.11.3]
    86 | D:1      | HP: 2/9 [hobgoblin (5)]
   574 | D:1      | Killed from afar by a dart slug

Vanquished Creatures
  An endoplasm (D:1)
  A hobgoblin (D:1)
  A kobold (D:1)
  A bat (D:1)
4 creatures vanquished.

Table legend:
 A = Non-vault XP
 B = Vault XP
 C = Vault XP percentage of total XP
 D = Non-vault monster count
 E = Vault monster count
 F = Vault count percentage of total count
                 A         B        C        D         E       F
            +---------+---------+-------+---------+---------+-------
      Total |       7 |       0 |   0.0 |       4 |       0 |   0.0
            +---------+---------+-------+---------+---------+-------
        D:1 |       7 |       0 |   0.0 |       4 |       0 |   0.0
            +---------+---------+-------+---------+---------+-------

Action                     || total
---------------------------++-------
  Melee: Dagger            ||    21
   Stab: Sleeping          ||     1
  Dodge: Dodged            ||    22

Illustrated notes

Table legend:
 A = Kills in this place as a percentage of kills in the entire game.
 B = Kills by you in this place as a percentage of kills by you in the entire game.
 C = Kills by friends in this place as a percentage of kills by friends in the entire game.
 D = Other kills in this place as a percentage of other kills in the entire game.
 E = Experience gained in this place as a percentage of experience gained in the entire game.
 F = Experience gained in this place divided by the number of levels of this place that you have seen.
                   A       B       C       D       E      F
               +-------+-------+-------+-------+-------+----------------------
         Total | 100.0 | 100.0 |   N/A |   N/A | 100.0 |   7.0
       Dungeon | 100.0 | 100.0 |   N/A |   N/A | 100.0 |   7.0
               +-------+-------+-------+-------+-------+----------------------

Table legend: (Time is in decaauts)
 A = Elapsed time spent in this place.
 B = Non-inter-level travel time spent in this place.
 C = Inter-level travel time spent in this place.
 D = Time resting spent in this place.
 E = Time spent auto-exploring this place.
 F = Levels seen in this place.
 G = Mean time per level.
                   A        B        C        D        E       F      G
               +--------+--------+--------+--------+--------+-----+--------+
         Total |    398 |    344 |     54 |    100 |    174 |   1 |  398.0 |
       Dungeon |    398 |    344 |     54 |    100 |    174 |   1 |  398.0 |
               +--------+--------+--------+--------+--------+-----+--------+

Top non-repeatable levels by time:
     D:1: 398 daAuts
